 Dungeon Crawl Stone Soup version 0.17-a0-1504-gb7d9117 (webtiles) character file.

734399 amnekian the Human Blade (level 27, -4/204 HPs)
             Began as a Human Fighter on July 4, 2015.
             Was a High Priest of Okawaru.
             Slain by a shard shrike (11 damage)
             ... created by the effects of Hell
             ... on level 7 of Cocytus on July 8, 2015.
             The game lasted 16:51:50 (124191 turns).

amnekian the Human Blade (Human Fighter)          Turns: 124191, Time: 16:51:50

Health: -4/204     AC: 34    Str: 29    XL:     27
Magic:  45/49      EV: 34    Int: 11    God:    Okawaru [*****.]
Gold:   6797       SH: 20    Dex: 24    Spells: 8 memorised, 28 levels left

rFire  + . .     SeeInvis .     L - +4 double sword (holy)
rCold  + + +     Clarity  .     Z - +5 chain mail "Oliclyta" {+Fly rPois rC+ Str+6}
rNeg   + + .     SustAt   .     i - +2 shield of Resistance {rF+ rC+ MR+}
rPois  +         Gourm    .     b - +0 hat {MR+}
rElec  +         Spirit   .     K - +2 cloak of Starlight {rElec rC+ EV+4 Stlth--}
rCorr  .         Warding  .     U - +2 pair of gloves {Str+3}
rMut   .         Stasis   .     g - +3 pair of boots of Hospitality {rN+ Stlth+}
MR     ++++.                    l - amulet of regeneration
Stlth  +++++.....               p - ring of positive energy
                                Y - ring "Aplaelos" {MP+9 Dex+4 Stlth+}

@: heroism, finesse, very slightly contaminated, incredibly resistant to hostile
enchantments, quite stealthy
A: no striking features
a: Heroism, Finesse, Renounce Religion, Evoke Flight
}: 5/15 runes: serpentine, barnacled, slimy, silver, abyssal


You were on level 7 of Cocytus.
You worshipped Okawaru.
Okawaru was extremely pleased with you.
You were hungry.

You visited 14 branches of the dungeon, and saw 69 of its levels.
You visited the Abyss 1 time.
You also visited: Labyrinth, Ice Cave and Wizlab.

You collected 11355 gold pieces.
You spent 3750 gold pieces at shops.

Inventory:

Hand weapons
 L - a +4 double sword of holy wrath (weapon)
Missiles
 G - 137 tomahawks (quivered)
Armour
 b - a +0 hat of magic resistance (worn)
 g - the +3 pair of boots of Hospitality (worn) {rN+ Stlth+}
   (Okawaru gifted it to you on level 13 of the Dungeon)

   It protects you from negative energy.
   It makes you more stealthy.
 i - the +2 shield of Resistance (worn) {rF+ rC+ MR+}
   (You acquired it on level 1 of the Lair of Beasts)

   It protects you from fire.
   It protects you from cold.
   It affects your resistance to hostile enchantments.
 A - a +1 pair of boots of running
 K - the +2 cloak of Starlight (worn) {rElec rC+ EV+4 Stlth--}
   (Okawaru gifted it to you on level 3 of the Shoals)

   It affects your evasion (+4).
   It protects you from cold.
   It insulates you from electricity.
   It makes you much less stealthy.
 U - a +2 pair of gloves of strength (worn)
 Z - the +5 chain mail "Oliclyta" (worn) {+Fly rPois rC+ Str+6}
   (Okawaru gifted it to you on level 4 of the Vaults)

   It affects your strength (+6).
   It protects you from cold.
   It protects you from poison.
   It lets you fly.
Jewellery
 f - an uncursed amulet of resist mutation
 l - an amulet of regeneration (around neck)
 o - an uncursed ring of sustain attributes
 p - a ring of positive energy (right hand)
 q - the ring "Gorchedu" {rF+ MP-9 Str+5}
   (You took it off a deep elf annihilator on level 3 of the Elven Halls)

   [ring of protection from fire]

   It affects your strength (+5).
   It protects you from fire.
   It affects your magic capacity (-9).
 v - an uncursed ring of see invisible
 M - an uncursed amulet of stasis
 Q - an uncursed ring of teleportation
 Y - the ring "Aplaelos" (left hand) {MP+9 Dex+4 Stlth+}
   (You bought it in a shop on level 1 of the Orcish Mines)

   [ring of stealth]

   It affects your dexterity (+4).
   It affects your magic capacity (+9).
   It makes you more stealthy.
Magical devices
 d - a wand of digging (9)
 j - a wand of heal wounds (4)
 s - a wand of teleportation (5)
 E - a wand of lightning (8)
 W - a wand of lightning (6)
Scrolls
 k - 23 scrolls of remove curse
 t - 16 scrolls of identify
 u - 2 scrolls of blinking
 F - a scroll of magic mapping
 N - 11 scrolls of teleportation
 T - 6 scrolls of fog
Potions
 n - 8 potions of agility
 x - 11 potions of might
 B - 17 potions of curing
 C - 5 potions of berserk rage
 D - 8 potions of haste
 H - 5 potions of heal wounds
 J - 6 potions of resistance
 P - 6 potions of cancellation
Miscellaneous
 a - a disc of storms
 c - a fan of gales
 h - a legendary deck of changes {the Blade, drawn: 1}
 r - a box of beasts {used: 1}
 y - a lantern of shadows
 S - a phial of floods
 V - a lamp of fire
Comestibles
 e - 18 bread rations
 R - 20 meat rations


   Skills:
 - Level 14.0(19.0) Fighting
 * Level 21.2(26.2) Long Blades
 - Level 13.9(18.9) Throwing
 - Level 19.0(24.0) Armour
 - Level 17.0(22.0) Dodging
 - Level 16.6(21.6) Stealth
 - Level 14.7(19.7) Shields
 - Level 13.4 Spellcasting
 - Level 2.2 Conjurations
 - Level 5.6 Charms
 - Level 16.9 Necromancy
 - Level 14.0 Translocations
 - Level 5.7 Air Magic
 - Level 7.0 Earth Magic
 - Level 5.0 Poison Magic
 - Level 9.0 Invocations
 - Level 15.1 Evocations


You had 28 spell levels left.
You knew the following spells:

 Your Spells              Type           Power        Failure   Level  Hunger
a - Blink                 Tloc           N/A          1%          2    None
b - Repel Missiles        Chrm/Air       ###...       2%          2    None
c - Mephitic Cloud        Conj/Pois/Air  ###.....     12%         3    #......
d - Shroud of Golubria    Chrm/Tloc      ####......   1%          2    None
e - Simulacrum            Ice/Necr       ####......   91%         6    ######.
f - Swiftness             Chrm/Air       ###.....     2%          2    None
g - Passage of Golubria   Tloc           N/A          1%          4    ###....
h - Passwall              Trmt/Erth      ###.......   17%         3    #......


Dungeon Overview and Level Annotations

Branches:
Dungeon (15/15)            Temple (1/1) D:6            Lair (8/8) D:11
 Shoals (4/4) Lair:3        Snake (4/4) Lair:3        Slime (6/6) Lair:8
    Orc (4/4) D:10            Elf (3/3) Orc:3        Vaults (5/5) D:14
  Crypt (2/3) Vaults:2     Depths (5/5) D:15           Hell (1/1)
    Dis (0/7) Hell            Geh (0/7) Hell            Coc (7/7) Hell
    Zot (4/5) Depths:5
    Tar: Hell:1

Altars:
Ashenzari
Cheibriados
Dithmenos
Elyvilon
Fedhas
Gozag
Kikubaaqudgha
Makhleb
Nemelex Xobeh
Okawaru
Qazlal
Ru
Sif Muna
Trog
Vehumet
Xom
Yredelemnul
Zin
The Shining One
Beogh
Jiyva

Shops:
D:7 [   D:9 =   D:13 [   Orc:1 ***?(   Orc:3 =   Orc:4 *%!*   Elf:3 !
Shoals:3 %*%*   Snake:4 %   Vaults:2 ([((   Vaults:3 *   Vaults:5 %
Depths:2 *

Portals:
Hell: Depths:1 Depths:3 Depths:4 Depths:5
Abyss: Depths:1 Depths:4 Depths:5
Pandemonium: Depths:3 Depths:4
Ziggurat: Depths:4

Annotations:
D:8 exclusion: orange crystal statue
Lair:4 1 exclusion
Lair:7 exclusions: downstairs and upstairs
Slime:1 1 exclusion
Depths:1 exclusion: obsidian statue


Message History

The shard shrike barely misses you. You block the blizzard demon's attack.
The blizzard demon completely misses you.
You block the freezing wraith's attack.
The freezing wraith completely misses you.
The tormentor calls on the powers of darkness!
The shard shrike convulses!
Your body is wracked with pain!
* * * LOW HITPOINT WARNING * * *
The shard shrike completely misses you. You block the shard shrike's attack.
The tormentor says, "I'll show you my torture chamber!"
You block the freezing wraith's attack. x2 "We do not forgive those who trespass against us!"
The shard shrike screeches!
The Ice Fiend calls on the powers of darkness!
The shard shrike convulses!
Your body is wracked with pain!
* * * LOW HITPOINT WARNING * * *
The shard shrike claws you!
* * * LOW HITPOINT WARNING * * *
The shard shrike freezes you! You resist.
You die...

#≈≈.≈##§§§.###≈#.Z...#*≈≈≈≈
##...≈##....##≈≈.#...#*≈≈≈≈
##...≈##..#≈≈≈≈.....#**≈≈≈
##...≈##..#≈≈.≈≈#..#*≈≈≈≈
##...≈##....≈≈≈≈#.#**≈≈≈
##.).≈##...≈≈##..#**≈≈≈
##.).≈##..#≈###.#*≈≈≈≈
##∩..≈##..#.####*≈≈≈≈
##.@b≈##....###**≈≈≈
##W2.≈##....p# *≈≈≈
##∩2.≈##....#**≈≈≈
##)1.≈##†..#*≈≈≈≈
##...≈##§.#***** ##...≈#).#
##...≈..# ##.....# ##.≈≈≈#


You could see a shard shrike, an Ice Fiend, a blizzard demon, a freezing wraith
and a tormentor.

Vanquished Creatures
  the royal jelly (Slime:6)
  An ancient lich (Vaults:4)
  Sojobo (Depths:1)
  Frederick (Vaults:2)
  Saint Roka (Depths:1)
  3 shard shrikes (Coc:7)
  A curse toe (Zot:4)
  A Killer Klown (Zot:2)
  Geryon (Hell)
  10 golden dragons
  5 bone dragons
  5 liches
  2 electric golems
  A hellephant (Abyss:3)
  Rupert (Lair:6)
  12 Ice Fiends
  13 tentacled monstrosities
  8 titans
  9 acid blobs
  3 deep elf blademasters
  2 deep elf master archers (Elf:3)
  12 tentacled starspawn (Abyss:3)
  A kraken (Shoals:3)
  The ghost of urechis the Warrior, a mighty GrFi of Okawaru (Orc:4)
  3 octopode crushers (Depths:5)
  2 ancient champions (Depths:1)
  3 sphinxes
  10 storm dragons
  9 shadow dragons
  A shadow dragon (shapeshifter) (Vaults:4)
  11 tengu reavers
  2 draconian monks
  Ilsuiw (Shoals:4)
  Wiglaf (Vaults:1)
  8 greater nagas
  3 azure jellies
  5 fire giants
  Donald (Vaults:1)
  5 draconian knights
  14 frost giants
  16 vault wardens
  Aizul (Snake:3)
  Louise (D:14)
  15 deep elf sorcerers
  2 cacodemons
  3 ghost moths
  A curse skull (Crypt:1)
  2 draconian scorchers
  2 draconian zealots
  11 very ugly things
  2 balrugs (Abyss:3)
  6 reapers
  2 ghouls
  4 draconian annihilators
  3 orc warlords
  5 war gargoyles
  12 ironheart preservers
  27 stone giants
  3 draconian callers
  An elemental wellspring (Coc:7)
  12 deep elf annihilators
  6 red draconians
  6 deep elf demonologists
  4 green draconians
  7 black draconians
  2 vampire knights
  A mottled draconian (Zot:3)
  8 yellow draconians
  3 salamander firebrands
  2 salamander stormcallers
  9 white draconians
  12 purple draconians
  4 eidola
  4 death oozes
  11 merfolk impalers
  40 large abominations
  4 merfolk javelineers (Shoals:4)
  17 fire dragons
  7 blizzard demons
  13 ettins
  A green death (Abyss:3)
  4 jiangshi
  3 entropy weavers
  2 quicksilver dragon zombies
  7 deep elf death magi
  A minotaur (Lab)
  32 vault guards
  A quicksilver dragon skeleton (Abyss:3)
  3 death cobs
  23 ice dragons
  7 deep elf high priests
  Harold (Lair:2)
  9 hydras
  17 great orbs of eyes
  4 spriggan air magi
  20 naga warriors
  17 yaktaur captains
  2 rakshasas (Depths:1)
  An anaconda (shapeshifter) (Vaults:2)
  A hell beast (Hell)
  2 merfolk avatars
  6 anacondas
  4 satyrs
  14 centaur warriors
  9 statues (WizLab)
  2 catoblepae
  Erica (D:11)
  Erolcha (D:11)
  6 merfolk aquamancers
  13 ogre magi
  4 death yaks
  A death knight (Crypt:1)
  10 deep troll shamans
  5 tengu warriors
  3 vampire magi
  8 deep troll earth magi
  15 naga sharpshooters
  24 thrashing horrors
  Urug (D:15)
  13 hell knights
  6 shock serpents
  2 sun demons
  2 iron golems
  A storm dragon zombie (Hell)
  9 hell hogs
  6 soul eaters
  28 small abominations
  4 salamander mystics
  6 orc high priests (Orc:4)
  4 fire crabs
  15 wretched stars
  15 deep elf knights
  3 shadow wraiths
  20 skeletal warriors
  3 anaconda zombies
  5 iron trolls
  6 spatial maelstroms (Abyss:3)
  7 ice devils
  4 wizards
  30 sea snakes
  2 flayed ghosts
  A deep troll (shapeshifter) (Vaults:4)
  7 giant orange brains
  An unseen horror (shapeshifter) (Vaults:3)
  A swamp dragon (shapeshifter) (Depths:3)
  A quicksilver dragon simulacrum (Hell)
  9 deep elf summoners
  10 hill giants
  4 ice statues
  25 deep trolls
  3 unseen horrors
  5 phantasmal warriors
  4 naga ritualists
  4 wolf spiders
  3 anaconda skeletons
  8 mana vipers
  11 orc knights
  2 orb spiders
  15 harpies
  13 necromancers
  21 deep elf conjurers
  A faun (shapeshifter) (Vaults:3)
  9 fauns
  16 ironbrand convokers
  60 ugly things
  2 iron dragon zombies
  10 manticores
  A lindwurm (shapeshifter) (D:14)
  A wolf spider zombie (Crypt:1)
  7 orc sorcerers
  26 griffons
  3 stone giant zombies
  10 cyclopes
  21 naga magi
  A shining eye (Slime:6)
  A hornet (Vaults:4)
  11 guardian serpents
  16 salamanders
  22 moths of wrath
  11 worldbinders
  9 elephants
  2 moths of wrath (shapeshifter)
  An elephant (shapeshifter) (D:14)
  2 salamanders (shapeshifter)
  A titan simulacrum (Coc:7)
  An iron dragon skeleton (Coc:7)
  6 water nymphs
  7 sirens
  3 sixfirhies (Abyss:3)
  A frost giant skeleton (Crypt:1)
  Maurice (D:11)
  A dire elephant zombie (Coc:1)
  3 storm dragon simulacra (Coc:7)
  A fire giant skeleton (Abyss:3)
  A toenail golem (Abyss:3)
  3 orange demons
  10 rust devils
  13 vault sentinels
  38 black mambas
  3 eyes of devastation
  14 spiny frogs
  2 molten gargoyles
  A stone giant skeleton (D:15)
  4 apocalypse crabs
  15 smoke demons
  3 tormentors
  A gargoyle (D:11)
  A kobold demonologist (Depths:5)
  2 yaktaur zombies
  3 efreet
  A fire drake (shapeshifter) (Depths:4)
  17 ancient zymes
  55 starcursed masses
  3 fire drakes
  2 demonic crawlers
  A hellion (Depths:1)
  An iron troll zombie (Crypt:1)
  5 red devils
  A queen bee (Lair:5)
  6 hellwings (Abyss:3)
  7 komodo dragons
  2 komodo dragons (shapeshifter)
  11 trolls
  The ghost of Fusha the Chopper, an average DDAK of Makhleb (D:3)
  15 deep elf priests
  24 two-headed ogres
  10 blue devils
  A tengu conjurer (Depths:5)
  63 yaktaurs
  2 trolls (shapeshifter)
  A golden dragon simulacrum (Hell)
  7 freezing wraiths
  A jumping spider (shapeshifter) (D:14)
  28 merfolk
  A harpy zombie (Coc:7)
  4 hydra zombies
  A silent spectre (Abyss:3)
  2 polar bears
  A queen bee (shapeshifter) (Vaults:1)
  28 blink frogs
  2 shadow dragon simulacra
  2 anaconda simulacra (Coc:7)
  Prince Ribbit (D:7)
  6 boulder beetles
  A deep troll zombie (Depths:1)
  A slime creature (shapeshifter) (Vaults:2)
  4 wind drakes
  2 wind drakes (shapeshifter)
  A wolf spider simulacrum (D:13)
  2 hydra skeletons (Hell)
  8 snapping turtles
  5 bog bodies (Coc:7)
  An ettin zombie (Coc:1)
  A raiju (shapeshifter) (Depths:2)
  68 slime creatures
  2 shock serpent simulacra
  28 raiju (Abyss:3)
  2 trapdoor spiders
  A blink frog (shapeshifter) (Depths:2)
  An ice dragon zombie (Vaults:1)
  2 frost giant simulacra
  A black mamba zombie (Coc:7)
  3 air elementals (Depths:4)
  21 flying skulls
  47 yaks
  8 redbacks
  2 alligator skeletons
  9 wraiths
  13 ynoxinuls
  2 ettin skeletons
  10 fire elementals
  An elf zombie (Vaults:1)
  2 deep troll skeletons
  16 water elementals
  33 deep elf fighters
  10 fire bats (Depths:4)
  2 vampires
  3 shadows
  A dire elephant simulacrum (Hell)
  2 golden eyes (Abyss:3)
  Eustachio (D:5)
  A black mamba skeleton (Coc:7)
  A basilisk (shapeshifter) (Elf:1)
  40 deep elf magi
  A tarantella (shapeshifter) (Elf:3)
  9 wargs
  9 basilisks
  21 vampire mosquitoes
  2 wyverns
  3 hungry ghosts
  8 chaos spawn
  11 neqoxecs
  12 hippogriffs
  64 nagas
  2 fire bats (shapeshifter)
  41 wolves
  A mottled dragon (D:13)
  A soldier ant (D:10)
  32 water moccasins
  12 insubstantial wisps (Abyss:3)
  4 spatial vortices
  2 spiny frog zombies
  2 water moccasins (shapeshifter) (D:14)
  A water nymph zombie (Crypt:1)
  15 porcupines
  2 steam dragons
  A swamp drake (shapeshifter) (Vaults:5)
  A snapping turtle zombie (Coc:6)
  A spiny frog skeleton (Hell)
  3 hell hounds (Abyss:3)
  A black bear (shapeshifter) (Vaults:1)
  An eye of draining (shapeshifter) (Depths:3)
  15 ice beasts
  3 sky beasts
  A spider (shapeshifter) (Depths:2)
  2 wasps
  A spider (Abyss:3)
  37 centaurs
  A hydra simulacrum (Coc:7)
  4 black bears
  An ettin simulacrum (Hell)
  71 ogres
  62 orc warriors
  4 necrophages
  A centaur (shapeshifter) (Depths:3)
  3 phantoms
  18 boggarts
  6 eyes of draining
  31 crocodiles
  A snapping turtle skeleton (Coc:7)
  22 giant frogs
  A human zombie (Vaults:1)
  A brain worm (Abyss:3)
  5 big kobolds
  A spiny frog simulacrum (Hell)
  4 human skeletons
  A wyvern zombie (D:8)
  An elf skeleton (Coc:5)
  8 scorpions
  2 wyvern skeletons
  38 killer bees
  5 electric eels
  8 wights
  3 centaur zombies
  14 crimson imps
  3 giant frog zombies
  A lava snake (D:14)
  5 quasits
  2 giant frog skeletons
  7 iron imps
  11 hounds
  A human simulacrum (Vaults:4)
  37 orc wizards
  3 centaur skeletons
  A demonspawn zombie (Crypt:1)
  15 jellies
  39 orc priests
  11 worker ants
  Terence (D:2)
  4 iguanas
  21 sheep
  8 hell rats
  2 killer bee zombies
  A hound zombie (D:5)
  2 mummies (Coc:7)
  Robin (D:2)
  82 river rats
  13 adders
  3 shadow imps
  6 white imps
  4 ufetubi
  2 oozes (Lair:8)
  3 adder zombies
  3 worms
  10 giant geckos
  A giant gecko (shapeshifter) (Vaults:5)
  333 orcs
  24 bats
  A bat skeleton (D:5)
  A bat zombie (D:5)
  6 giant cockroaches
  24 goblins
  33 hobgoblins
  12 jackals
  5 quokkas
  3 ball pythons
  2 giant gecko skeletons
  8 giant newts
  A hobgoblin skeleton (Crypt:1)
  35 kobolds
  An orc skeleton (Crypt:1)
  A quokka skeleton (D:9)
  2 quokka zombies
  29 rats
  A spectral orc (D:4)
  2 crawling corpses (Elf:3)
  An eldritch tentacle segment (Coc:7)
  A fire vortex (D:14)
  2 fungi
  5 plants
  7 starspawn tentacles (Abyss:3)
  3 tentacles (Shoals:3)
3629 creatures vanquished.

Vanquished Creatures (collateral kills)
  A vault warden (Vaults:5)
1 creature vanquished.

Vanquished Creatures (others)
  2 eldritch tentacles
  2 tengu reavers
  A vault warden (Vaults:3)
  2 ironheart preservers
  A war gargoyle (Vaults:5)
  A purple draconian (Zot:4)
  A vault guard (Vaults:3)
  A yaktaur captain (Depths:5)
  A merfolk aquamancer (Shoals:4)
  An ogre mage (Vaults:5)
  2 deep elf knights
  A thrashing horror (Abyss:3)
  A soul eater (Hell)
  A griffon (Vaults:2)
  A sixfirhy (Abyss:3)
  A vault sentinel (Vaults:3)
  An ancient zyme (Abyss:3)
  A merfolk (Shoals:4)
  A flying skull (Coc:7)
  A blink frog (Abyss:3)
  A deep elf fighter (Elf:2)
  A large abomination (Abyss:3)
  2 boggarts
  2 small abominations (Abyss:3)
  A brain worm (Abyss:3)
  A hell rat (Hell)
  3 orc wizards (Orc:4)
  A shadow imp (D:9)
  An ufetubus (Abyss:3)
  2 orcs (Orc:3)
  106 eldritch tentacle segments
  A fire vortex (D:14)
  66 fungi
  2 lurking horrors
  49 plants
  32 starspawn tentacles (Abyss:3)
  105 starspawn tentacle segments (Abyss:3)
  67 tentacles (Shoals:3)
  3642 tentacle segments (Shoals:3)
4109 creatures vanquished.

Grand Total: 7739 creatures vanquished

Notes
Turn   | Place    | Note
--------------------------------------------------------------
     0 | D:1      | amnekian the Human Fighter began the quest for the Orb.
     0 | D:1      | Reached XP level 1. HP: 18/18 MP: 1/1
   336 | D:1      | Reached XP level 2. HP: 24/24 MP: 2/2
   705 | D:1      | Reached XP level 3. HP: 29/29 MP: 3/3
  1287 | D:2      | Found an iron altar of Okawaru.
  1312 | D:2      | Became a worshipper of Warmaster Okawaru
  1477 | D:2      | Noticed Robin
  1480 | D:2      | Reached skill level 4 in Long Blades
  1480 | D:2      | Reached XP level 4. HP: 33/35 MP: 4/4
  1518 | D:2      | Killed Robin
  2031 | D:2      | Reached XP level 5. HP: 17/41 MP: 5/5
  2312 | D:2      | Found an opulent altar of Gozag.
  2492 | D:2      | Reached skill level 5 in Long Blades
  2516 | D:2      | Found a faded altar to an unknown god.
  2519 | D:2      | Noticed Terence
  2644 | D:3      | Noticed Fusha's ghost (average DDAK)
  3048 | D:2      | Killed Terence
  3701 | D:5      | Entered Level 5 of the Dungeon
  3701 | D:5      | Noticed an ogre
  3854 | D:4      | Reached XP level 6. HP: 47/47 MP: 6/6
  4182 | D:4      | Acquired Okawaru's first power
  4310 | D:3      | Reached XP level 7. HP: 52/52 MP: 7/7
  4318 | D:4      | Reached skill level 5 in Armour
  4517 | D:5      | Killed an ogre
  4657 | D:5      | Found a deep blue altar of Sif Muna.
  4910 | D:5      | Noticed Eustachio
  5024 | D:5      | Reached skill level 5 in Shields
  5286 | D:6      | Reached XP level 8. HP: 58/58 MP: 5/9
  5421 | D:6      | Reached skill level 5 in Invocations
  5449 | D:6      | Found a staircase to the Ecumenical Temple.
  5471 | Temple   | Entered the Ecumenical Temple
  5925 | D:7      | Reached skill level 6 in Long Blades
  6366 | D:6      | Reached skill level 7 in Long Blades
  6384 | D:6      | Reached XP level 9. HP: 58/63 MP: 12/12
  6703 | D:6      | Reached skill level 8 in Long Blades
  6956 | D:7      | Reached skill level 5 in Fighting
  6968 | D:7      | Found Xamej's Antique Armour Shop.
  6976 | D:7      | Bought a faintly humming buckler for 237 gold pieces
  6986 | D:7      | Identified the +1 buckler of Fun and Games {rC++ Str+2 Int+4 Dex-4} (You bought it in a shop on level 7 of the Dungeon)
  8058 | D:5      | Killed Eustachio
  8169 | D:4      | Found a blossoming altar of Fedhas.
  8223 | D:4      | Found a basalt altar of Yredelemnul.
  9246 | D:7      | Reached XP level 10. HP: 73/76 MP: 13/13
  9381 | D:7      | Noticed Prince Ribbit
  9406 | D:7      | Killed Prince Ribbit
  9438 | D:7      | Reached skill level 9 in Long Blades
  9682 | D:8      | Reached skill level 1 in Evocations
  9809 | D:7      | Identified a scroll of acquirement
 10425 | D:8      | Noticed an orange crystal statue
 10827 | D:8      | Found a shadowy altar of Dithmenos.
 10833 | D:8      | Reached skill level 5 in Evocations
 11158 | D:8      | Found a burning altar of Makhleb.
 11608 | D:10     | Entered Level 10 of the Dungeon
 11987 | D:9      | Found Leiptiyt's Jewellery Shop.
 12188 | D:11     | Noticed Erica
 12785 | D:10     | Got a pair of brightly glowing gloves
 12796 | D:10     | Identified the cursed +0 pair of gloves of the Dwarven Hall {rElec rF- Str+3} (You found it on level 10 of the Dungeon)
 12873 | D:10     | Reached XP level 11. HP: 81/81 MP: 13/15
 14423 | D:11     | Noticed Erolcha
 14439 | D:11     | Killed Erolcha
 14439 | D:11     | Received a gift from Okawaru
 14439 | D:11     | Reached skill level 10 in Long Blades
 14703 | D:11     | Found a staircase to the Lair.
 14714 | D:11     | Acquired Okawaru's second power
 14729 | Lair:1   | Entered Level 1 of the Lair of Beasts
 14730 | Lair:1   | Upgraded the game from 0.17-a0-1481-gfdcec5c to 0.17-a0-1485-g22cb0ee
 14871 | Lair:1   | Reached skill level 1 in Stealth
 15861 | D:10     | Noticed a hill giant
 15877 | D:10     | Killed a hill giant
 15877 | D:10     | Reached skill level 1 in Dodging
 15930 | D:10     | Found a staircase to the Orcish Mines.
 15951 | Orc:1    | Entered Level 1 of the Orcish Mines
 15951 | Orc:1    | Found Zegg's Assorted Antiques.
 15951 | Orc:1    | Found Pelify's Magic Scroll Emporium.
 16403 | D:11     | Killed Erica
 16403 | D:11     | Reached XP level 12. HP: 46/87 MP: 16/16
 16606 | D:11     | Reached skill level 5 in Dodging
 16833 | Lair:1   | Learned a level 2 spell: Blink
 17004 | D:11     | Noticed Maurice
 17150 | D:11     | Killed Maurice
 17201 | D:11     | Noticed a hill giant
 17209 | D:11     | Killed a hill giant
 17209 | D:11     | Reached skill level 11 in Long Blades
 18494 | Lair:1   | Received a gift from Okawaru
 18908 | Lair:1   | Reached skill level 12 in Long Blades
 19224 | Lair:2   | Noticed a seven-headed hydra
 19551 | Lair:3   | Found a frozen archway.
 19557 | IceCv    | Entered an ice cave
 19889 | Lair:2   | Noticed a seven-headed hydra
 19898 | Lair:3   | Found a staircase to the Snake Pit.
 19918 | Lair:3   | Reached XP level 13. HP: 86/93 MP: 19/19
 19993 | Lair:2   | Noticed a four-headed hydra
 20838 | Snake:1  | Entered Level 1 of the Snake Pit
 20843 | Snake:1  | Got a fine robe
 20856 | Snake:1  | Identified the +0 robe of Filth {rF- Str+7 SInv} (You found it on level 1 of the Snake Pit)
 21090 | Lair:3   | Found a staircase to the Shoals.
 21877 | Shoals:1 | Entered Level 1 of the Shoals
 22595 | Lair:2   | Noticed Harold
 22596 | Lair:3   | Killed a three-headed hydra
 22596 | Lair:3   | Received a gift from Okawaru
 24263 | Lair:4   | Reached skill level 1 in Translocations
 25321 | Lair:4   | Reached XP level 14. HP: 85/99 MP: 20/20
 25331 | Lair:5   | Reached skill level 5 in Translocations
 26388 | Lair:5   | Reached skill level 10 in Armour
 26625 | Lair:5   | You fall through a shaft for 2 floors!
 26731 | Lair:6   | Noticed Rupert
 26758 | Lair:6   | Paralysed by Rupert for 2 turns
 26777 | Lair:8   | Entered Level 8 of the Lair of Beasts
 27685 | Lair:3   | Killed a one-headed hydra
 28008 | Lair:2   | Reached skill level 10 in Dodging
 28039 | Lair:2   | Reached skill level 10 in Shields
 28288 | Lair:2   | Killed a three-headed hydra
 28288 | Lair:2   | Received a gift from Okawaru
 28737 | Lair:2   | Killed Harold
 30325 | Lair:7   | Reached skill level 13 in Long Blades
 31013 | Lair:1   | Gained mutation: Your natural rate of healing is unusually fast. [potion of beneficial mutation]
 31442 | Lair:7   | Reached XP level 15. HP: 103/106 MP: 21/21
 31780 | Lair:7   | Reached skill level 5 in Stealth
 32224 | Lair:8   | Found a runed door.
 32225 | Lair:8   | Found a viscous altar of Jiyva.
 32514 | Lair:8   | Found a staircase to the Slime Pits.
 33012 | Lair:8   | Received a gift from Okawaru
 33871 | D:10     | Noticed a hill giant
 33884 | D:10     | Killed a hill giant
 34250 | D:10     | Noticed a hill giant
 34258 | D:10     | Killed a hill giant
 35223 | D:3      | Killed Fusha's ghost
 35916 | D:9      | Reached skill level 10 in Fighting
 36357 | D:12     | Got a black opal-studded leather armour
 36368 | D:12     | Identified the +2 leather armour "Xuuwnamy" {rCorr} (You found it on level 12 of the Dungeon)
 36998 | D:13     | Received a gift from Okawaru
 37401 | D:13     | Found Cuuhah's Antique Armour Shop.
 37512 | D:13     | Reached skill level 14 in Long Blades
 37837 | D:13     | Received a gift from Okawaru
 37837 | D:13     | Reached XP level 16. HP: 117/122 MP: 22/22
 37840 | D:13     | Got a pair of jewelled boots {god gift}
 37846 | D:13     | Identified the +3 pair of boots of Hospitality {rN+ Stlth+} (Okawaru gifted it to you on level 13 of the Dungeon)
 38297 | D:14     | Noticed Louise
 38634 | Orc:1    | Found Iwiovaf's Weapon Shop.
 38814 | Orc:1    | Found Eska's Assorted Antiques.
 38878 | Orc:1    | Found Vumargh's General Store.
 38881 | Orc:1    | Bought a potion of heal wounds for 85 gold pieces
 39447 | Orc:3    | Found Texin's Jewellery Shoppe.
 39647 | Orc:3    | Found a staircase to the Elven Halls.
 40311 | Orc:4    | Entered Level 4 of the Orcish Mines
 41272 | Orc:4    | Found a roughly hewn altar of Beogh.
 41399 | Orc:4    | Noticed urechis's ghost (mighty GrFi)
 42021 | Orc:1    | Bought a scroll of silence for 195 gold pieces
 42021 | Orc:1    | Bought a pitted brass amulet for 130 gold pieces
 42021 | Orc:1    | Bought a bound marble ring for 130 gold pieces
 42025 | Orc:1    | Identified the amulet "Erchicitt" {Inacc rN+} (You bought it in a shop on level 1 of the Orcish Mines)
 42036 | Orc:1    | Identified the ring "Aplaelos" {MP+9 Dex+4 Stlth+} (You bought it in a shop on level 1 of the Orcish Mines)
 42068 | Orc:1    | Bought a sapphire potion for 26 gold pieces
 42068 | Orc:1    | Bought a scroll labeled REM KUEMNOASO for 29 gold pieces
 42089 | Orc:1    | Bought a scroll of teleportation for 42 gold pieces
 42089 | Orc:1    | Bought a scroll of blinking for 105 gold pieces
 42089 | Orc:1    | Bought a scroll of teleportation for 42 gold pieces
 42264 | Orc:3    | Bought an uncursed ring of protection from magic for 350 gold pieces
 42834 | D:14     | Found a gate to the Vaults.
 43440 | D:14     | Killed Louise
 43440 | D:14     | Received a gift from Okawaru
 43820 | D:15     | Entered Level 15 of the Dungeon
 44188 | D:15     | Found a staircase to the Depths.
 44229 | D:15     | Received a gift from Okawaru
 44294 | D:15     | Found a labyrinth entrance.
 44308 | Lab      | Entered a labyrinth
 45809 | D:14     | Reached XP level 17. HP: 131/131 MP: 23/23
 46329 | D:15     | Noticed Urug
 46372 | D:15     | Killed Urug
 46620 | Snake:1  | Noticed a greater naga
 47176 | Shoals:1 | Got a transparent garnet amulet
 47180 | Shoals:1 | Identified the amulet "Omoetzo" {Clar Stlth+} (You found it on level 1 of the Shoals)
 49010 | Shoals:2 | Upgraded the game from 0.17-a0-1485-g22cb0ee to 0.17-a0-1497-g03599f7
 49935 | Shoals:3 | Found Gisteppa's Assorted Antiques.
 49943 | Shoals:3 | Bought a potion of heal wounds for 155 gold pieces
 49959 | Shoals:3 | Found Taqi's Food Shoppe.
 50098 | Shoals:3 | Received a gift from Okawaru
 50124 | Shoals:3 | Found Wuresm's Assorted Antiques.
 50134 | Shoals:3 | Bought a vibrating iron ring for 90 gold pieces
 50134 | Shoals:3 | Bought a potion of haste for 180 gold pieces
 50135 | Shoals:3 | Identified the ring of Generosity {Ice +Fly Slay+2} (You bought it in a shop on level 3 of the Shoals)
 50202 | Shoals:3 | Found Agriysou's Food Shop.
 52481 | Orc:1    | Bought an uncursed ring of poison resistance for 340 gold pieces
 52697 | Elf:1    | Entered Level 1 of the Elven Halls
 52795 | Elf:1    | Reached XP level 18. HP: 116/138 MP: 24/24
 52992 | Elf:1    | Found a magical portal.
 53031 | WizLab   | Entered Iskenderun's Mystic Tower
 54687 | WizLab   | Reached skill level 15 in Long Blades
 55895 | WizLab   | Identified Iskenderun's Disquisition on Fiery Conjuration
 55895 | WizLab   | Identified Iskenderun's Volume of Torrid Attacks
 56406 | Elf:1    | Received a gift from Okawaru
 56546 | Elf:1    | Got a shimmering shield
 56558 | Elf:1    | Identified the +5 shield of Hedge Wizardry {+Blink Regen+} (You found it on level 1 of the Elven Halls)
 57231 | Snake:1  | Killed a greater naga
 57733 | Snake:1  | Reached skill level 16 in Long Blades
 58345 | Snake:2  | Got a slimy ring mail
 58356 | Snake:2  | Identified the +3 ring mail of Tourr {rN+ rCorr} (You found it on level 2 of the Snake Pit)
 58800 | Snake:2  | Received a gift from Okawaru
 59007 | Snake:2  | Reached skill level 10 in Evocations
 59194 | Snake:2  | Received a gift from Okawaru
 59629 | Snake:3  | Reached XP level 19. HP: 126/143 MP: 22/27
 59735 | Snake:3  | Received a gift from Okawaru
 59738 | Snake:3  | Got a jacinth-studded plate armour {god gift}
 59779 | Snake:3  | Identified the +9 plate armour of the Other Side {rN+} (Okawaru gifted it to you on level 3 of the Snake Pit)
 60179 | Lair:6   | Killed Rupert
 61546 | Snake:3  | Noticed Aizul
 61782 | Snake:3  | Killed Aizul
 62107 | Snake:4  | Entered Level 4 of the Snake Pit
 62815 | Snake:4  | Found Qomap's Food Emporium.
 63220 | Snake:4  | Received a gift from Okawaru
 63226 | Snake:4  | Got a black opal-encrusted chain mail {god gift}
 63242 | Snake:3  | Identified the +1 chain mail of the Hidden Gods {rPois} (Okawaru gifted it to you on level 4 of the Snake Pit)
 63831 | Snake:4  | Reached XP level 20. HP: 113/158 MP: 29/29
 64651 | Snake:4  | Got a serpentine rune of Zot
 64901 | Vaults:1 | Entered Level 1 of the Vaults
 65038 | Lair:1   | Learned a level 2 spell: Repel Missiles
 65042 | Lair:1   | Learned a level 3 spell: Mephitic Cloud
 65180 | Vaults:1 | Noticed Donald
 65207 | Vaults:1 | Killed Donald
 65207 | Vaults:1 | Reached skill level 1 in Air Magic
 65242 | Vaults:1 | Reached skill level 1 in Charms
 65438 | Vaults:1 | Upgraded the game from 0.17-a0-1497-g03599f7 to 0.17-a0-1504-gb7d9117
 65852 | Vaults:1 | Noticed Wiglaf
 66005 | Vaults:1 | Killed Wiglaf
 66402 | Vaults:1 | Received a gift from Okawaru
 67114 | Vaults:1 | Reached skill level 5 in Air Magic
 67238 | Vaults:1 | Reached skill level 5 in Charms
 67791 | Vaults:2 | Reached skill level 1 in Poison Magic
 67965 | Vaults:2 | Found a staircase to the Crypt.
 68088 | Vaults:2 | Found Fuehuur's Antique Weapon Shop.
 68920 | Vaults:2 | Reached skill level 5 in Poison Magic
 68984 | Vaults:2 | Received a gift from Okawaru
 69032 | Vaults:2 | Reached skill level 1 in Conjurations
 69320 | Vaults:2 | Reached XP level 21. HP: 153/165 MP: 30/30
 69343 | Vaults:2 | Found Gozag's Antique Weapon Shop.
 69476 | Vaults:2 | Found an opulent altar of Gozag.
 69476 | Vaults:2 | Found Gozag's Antique Weapon Boutique.
 69548 | Vaults:2 | Reached skill level 17 in Long Blades
 69560 | Vaults:2 | Found Gozag's Antique Armour Shop.
 69805 | Vaults:2 | Noticed Frederick
 70320 | Vaults:3 | Received a gift from Okawaru
 70826 | Vaults:1 | Reached skill level 1 in Throwing
 71378 | Vaults:3 | Reached skill level 5 in Throwing
 72515 | Vaults:3 | Reached skill level 10 in Throwing
 72854 | Vaults:3 | Received a gift from Okawaru
 73218 | Vaults:3 | Found Kentuah's Assorted Antiques.
 73329 | Vaults:3 | Bought a potion of curing for 87 gold pieces
 73329 | Vaults:3 | Bought 2 potions of heal wounds for 290 gold pieces
 73557 | Vaults:4 | Reached XP level 22. HP: 172/172 MP: 31/31
 73887 | Vaults:4 | Reached skill level 18 in Long Blades
 73887 | Vaults:4 | Reached XP level 23. HP: 178/178 MP: 32/32
 75548 | Shoals:4 | Entered Level 4 of the Shoals
 75967 | Shoals:4 | Reached skill level 10 in Stealth
 75988 | Shoals:4 | Noticed Ilsuiw
 76168 | Shoals:4 | Killed Ilsuiw
 76278 | Shoals:4 | Learned a level 2 spell: Shroud of Golubria
 76488 | Shoals:4 | Received a gift from Okawaru
 76873 | Shoals:4 | Received a gift from Okawaru
 77187 | Shoals:4 | Got a barnacled rune of Zot
 77648 | Lair:1   | Learned a level 6 spell: Simulacrum
 77830 | Orc:4    | Found Bor Sud's Assorted Antiques.
 77916 | Orc:4    | Found Xuett's Food Shoppe.
 77925 | Orc:4    | Reached skill level 1 in Necromancy
 77992 | Orc:4    | Received a gift from Okawaru
 78516 | Orc:4    | Found a roughly hewn altar of Beogh.
 78552 | Orc:4    | Received a gift from Okawaru
 78556 | Orc:4    | Found Ijaokhluigg's Assorted Antiques.
 78592 | Orc:4    | Got a pitted crystal plate armour {god gift}
 78603 | Orc:4    | Identified the +1 crystal plate armour of Mezom {rCorr} (Okawaru gifted it to you on level 4 of the Orcish Mines)
 78628 | Orc:4    | Bought a scroll of identify for 58 gold pieces
 78628 | Orc:4    | Bought a potion of heal wounds for 145 gold pieces
 78628 | Orc:4    | Bought a copper wand for 116 gold pieces
 78634 | Orc:4    | Found Moec's Distillery.
 78640 | Orc:4    | Bought a potion of resistance for 140 gold pieces
 78640 | Orc:4    | Bought a potion of curing for 42 gold pieces
 78640 | Orc:4    | Bought a potion of cancellation for 112 gold pieces
 78901 | Orc:4    | Killed urechis's ghost
 79175 | Elf:1    | Reached XP level 24. HP: 178/185 MP: 32/32
 79549 | Elf:2    | Reached skill level 5 in Necromancy
 80475 | Elf:3    | Entered Level 3 of the Elven Halls
 80549 | Elf:3    | Found Egaezar's Distillery.
 80569 | Elf:3    | Bought a potion of heal wounds for 90 gold pieces
 80569 | Elf:3    | Bought a potion of resistance for 180 gold pieces
 80569 | Elf:3    | Bought a potion of haste for 180 gold pieces
 82255 | Elf:2    | Reached skill level 10 in Necromancy
 82303 | Elf:2    | Received a gift from Okawaru
 82485 | Elf:3    | Identified the Catalogue of Fixation
 82631 | Elf:3    | Identified the Incunabulum of Spatial Creation
 83399 | Elf:3    | Reached skill level 15 in Armour
 83534 | Elf:3    | Gained mutation: You possess an exceptional clarity of mind. [potion of beneficial mutation]
 83594 | Elf:3    | Learned a level 2 spell: Swiftness
 83667 | Elf:3    | Got a heavily runed brass ring
 83669 | Elf:3    | Identified the ring "Gorchedu" {rF+ MP-9 Str+5} (You took it off a deep elf annihilator on level 3 of the Elven Halls)
 84159 | Elf:3    | Got a polished chain mail
 84170 | Elf:3    | Identified the +7 chain mail "Ugiclir" {+Inv rCorr Slay-5} (You took it off a deep elf master archer on level 3 of the Elven Halls)
 85312 | Depths:1 | Entered Level 1 of the Depths
 85316 | Depths:1 | Found a one-way gate to the infinite horrors of the Abyss.
 85507 | Depths:1 | Noticed Saint Roka
 85563 | Depths:1 | Killed Saint Roka
 85563 | Depths:1 | Received a gift from Okawaru
 85891 | D:15     | Reached XP level 25. HP: 160/191 MP: 32/32
 86091 | Depths:1 | Noticed Sojobo
 86210 | Depths:2 | Found Muniog's Merry Market.
 86410 | Depths:2 | Noticed Mara
 86415 | Depths:2 | Noticed amnekian's illusion
 86912 | Depths:1 | Found a gateway to Hell.
 86957 | Hell     | Entered the Vestibule of Hell
 86957 | Hell     | Noticed Geryon
 88820 | Vaults:2 | Found Fuehuur's Antique Weapon Shop.
 88945 | Vaults:2 | Found a staircase to the Crypt.
 89000 | Vaults:2 | Killed Frederick
 89040 | Vaults:2 | Reached skill level 19 in Armour
 89101 | Crypt:1  | Entered Level 1 of the Crypt
 89171 | Crypt:1  | Received a gift from Okawaru
 89174 | Crypt:1  | Got a shimmering falchion {god gift}
 89175 | Crypt:1  | Identified the +1 falchion of Contention {elec, rN+} (Okawaru gifted it to you on level 1 of the Crypt)
 91078 | D:9      | Found Leiptiyt's Jewellery Shop.
 91086 | D:9      | Bought a cursed ring of teleportation for 174 gold pieces
 91390 | Vaults:5 | Entered Level 5 of the Vaults
 91680 | Vaults:4 | Received a gift from Okawaru
 92130 | Vaults:5 | Hired Vec Aty the ogre mage for 808 gold.
 92206 | Vaults:5 | Your ally Vec Aty died
 92334 | Vaults:5 | Received a gift from Okawaru
 92469 | Vaults:5 | Noticed an ancient lich
 92741 | Vaults:4 | Killed an ancient lich
 92741 | Vaults:4 | Reached XP level 26. HP: 73/198 MP: 34/34
 92756 | Vaults:4 | Reached skill level 15 in Evocations
 93047 | Vaults:4 | Received a gift from Okawaru
 93517 | Vaults:4 | Received a gift from Okawaru
 93975 | Vaults:5 | Got a scintillating lapis lazuli ring
 93977 | Vaults:5 | Identified the cursed ring "Eskawy" {rElec rPois Int-3 Dex+2} (You took it off a yaktaur captain on level 5 of the Vaults)
 94206 | Vaults:5 | Received a gift from Okawaru
 94235 | Vaults:5 | Noticed an ancient lich
 95070 | Vaults:4 | Got a shimmering scimitar
 95071 | Vaults:4 | Identified the +4 scimitar of Tiptuar {slice, rF+ SInv} (You took it off a deep elf conjurer on level 4 of the Vaults)
 95694 | Vaults:5 | Found Reab's Food Boutique.
 95918 | Vaults:5 | Reached skill level 15 in Necromancy
 96147 | Vaults:5 | Got a silver rune of Zot
 96154 | Vaults:5 | Got a translucent leather armour
 96166 | Vaults:5 | Identified the cursed +1 leather armour "Falarch" {rPois rN+ Str+2} (You found it on level 5 of the Vaults)
 96210 | Vaults:5 | Paralysed by an ancient lich for 7 turns
 96418 | Vaults:4 | Received a gift from Okawaru
 96706 | Vaults:4 | Received a gift from Okawaru
 96723 | Vaults:4 | Got a distressingly furry chain mail {god gift}
 97000 | Lair:1   | Identified the +5 chain mail "Oliclyta" {+Fly rPois rC+ Str+6} (Okawaru gifted it to you on level 4 of the Vaults)
 97754 | Depths:2 | Reached XP level 27. HP: 178/204 MP: 34/34
 98658 | Depths:3 | Found a one-way gate leading to the halls of Pandemonium.
 99175 | Depths:3 | Received a gift from Okawaru
 99327 | Depths:3 | Received a gift from Okawaru
 99616 | Depths:3 | Received a gift from Okawaru
 99633 | Depths:3 | Identified a +1 pair of boots of running (Okawaru gifted it to you on level 3 of the Depths)
100183 | Depths:4 | Found a gateway to a ziggurat.
101056 | Depths:5 | Entered Level 5 of the Depths
101243 | Depths:5 | Learned a level 4 spell: Passage of Golubria
102117 | Depths:5 | Reached skill level 10 in Translocations
102570 | Depths:5 | Received a gift from Okawaru
103263 | Depths:5 | Found a gate to the Realm of Zot.
103344 | Zot:1    | Entered Level 1 of the Realm of Zot
104749 | Zot:1    | Lost mutation: You possess an exceptional clarity of mind. [a Zot trap]
105842 | Zot:2    | Received a gift from Okawaru
106137 | Zot:3    | Received a gift from Okawaru
107122 | Zot:3    | Received a gift from Okawaru
108204 | Zot:4    | Reached skill level 15 in Stealth
109229 | Depths:1 | Killed Sojobo
109483 | Depths:1 | Voluntarily entered the Abyss.
109918 | Abyss:1  | Found a corrupted altar of Lugonu.
109953 | Abyss:2  | Found a corrupted altar of Lugonu.
110005 | Abyss:2  | Found a blossoming altar of Fedhas.
110144 | Abyss:2  | Found a corrupted altar of Lugonu.
110388 | Abyss:2  | Received a gift from Okawaru
110529 | Abyss:2  | Paralysed by you for 3 turns
110545 | Abyss:2  | Reached skill level 1 in Spellcasting
111254 | Abyss:2  | Paralysed by accursed screaming for 1 turns
111377 | Abyss:2  | Reached skill level 5 in Spellcasting
111497 | Abyss:3  | Found a corrupted altar of Lugonu.
112487 | Abyss:3  | Paralysed by accursed screaming for 1 turns
112936 | Abyss:3  | Gained mutation: You have an uncontrollable temper. [a cacodemon]
112964 | Abyss:3  | Reached skill level 10 in Spellcasting
113411 | Abyss:3  | Found a corrupted altar of Lugonu.
113437 | Abyss:3  | Received a gift from Okawaru
113544 | Abyss:3  | Found a shimmering altar of Xom.
113908 | Abyss:3  | Received a gift from Okawaru
113921 | Abyss:3  | Got a jewelled triple sword {god gift}
113922 | Abyss:3  | Identified the +1 triple sword of Soipaicob {drain, rPois} (Okawaru gifted it to you on level 3 of the Abyss)
114478 | Abyss:3  | Paralysed by accursed screaming for 1 turns
114902 | Abyss:3  | Found a corrupted altar of Lugonu.
115390 | Abyss:3  | Got an abyssal rune of Zot
115636 | Abyss:3  | Reached skill level 15 in Dodging
115636 | Abyss:3  | Paralysed by accursed screaming for 1 turns
116289 | Abyss:3  | Found a corrupted altar of Lugonu.
116517 | Depths:1 | Escaped the Abyss
116816 | Slime:1  | Entered Level 1 of the Pits of Slime
117343 | Slime:5  | Received a gift from Okawaru
117363 | Slime:6  | Entered Level 6 of the Pits of Slime
117598 | Slime:6  | Noticed the royal jelly
117636 | Slime:6  | Killed the royal jelly
117636 | Slime:6  | Received a gift from Okawaru
118234 | Slime:6  | Got a pair of heavily runed boots {god gift}
118235 | Slime:6  | Identified the +0 pair of boots of the Elven Halls {+Inv} (Okawaru gifted it to you on level 6 of the Pits of Slime)
118672 | Lair:1   | Learned a level 3 spell: Passwall
118943 | Slime:6  | Got a slimy rune of Zot
118966 | Slime:6  | Got a crude cloak
118977 | Slime:6  | Identified the cursed +0 cloak of Wops {Int+2 Stlth+} (You found it on level 6 of the Pits of Slime)
118988 | Slime:6  | Got a faintly humming plate armour
118999 | Slime:6  | Identified the +2 plate armour "Zumalu" {rF+ Str+2 Slay-4} (You found it on level 6 of the Pits of Slime)
119640 | Depths:1 | Reached skill level 1 in Earth Magic
120593 | Depths:1 | Reached skill level 5 in Earth Magic
120836 | Hell     | Killed Geryon
121655 | Hell     | Found a gateway to the ashen valley of Gehenna.
121849 | Hell     | Found a gateway to the Iron City of Dis.
121888 | Hell     | Found a gateway to the freezing wastes of Cocytus.
121997 | Coc:1    | Entered Level 1 of Cocytus
122157 | Lair:1   | Lost mutation: Your natural rate of healing is unusually fast. [potion of cure mutation]
122157 | Lair:1   | Lost mutation: You tend to lose your temper in combat. [potion of cure mutation]
122397 | Coc:1    | Received a gift from Okawaru
122786 | Coc:7    | Entered Level 7 of Cocytus
122809 | Coc:7    | Received a gift from Okawaru
123242 | Coc:7    | Reached skill level 20 in Long Blades
123511 | Coc:7    | Received a gift from Okawaru
123514 | Coc:7    | Got a scorched scimitar {god gift}
123516 | Coc:7    | Identified the +0 scimitar of Ocushaba {flame, rPois MR- SInv} (Okawaru gifted it to you on level 7 of Cocytus)
123900 | Coc:7    | HP: 7/204 [Ice Fiend[the effects of Hell] (8)]
124050 | Coc:7    | Reached skill level 21 in Long Blades
124191 | Coc:7    | HP: 7/204 [shard shrike[the effects of Hell] (8)]
124191 | Coc:7    | Slain by a shard shrike

Vault maps used:
D:1:      minmay_arrival_split_and_join
D:2:      kennysheep_big_flooded_room, okawaru_ov_weapons_minmay,
          ecumenical_altar_2, eino_tiny_chamber, grunt_gozag_breadcrumbs,
          uniq_robin, uniq_terence
D:4:      yredelemnul_forgotten_temple_becter, kennysheep_mini,
          nrook_mini_backslash
D:5:      kennysheep_little_box, first_bread, st_stairs_5,
          kennysheep_generic_room_6, uniq_eustachio
D:6:      temple_statues
D:7:      serial_shops, shop, uniq_prince_ribbit1
D:8:      minmay_statue_hallways, overflow_temple_1_default,
          nicolae_dithmenos_shadow_blocks
D:9:      serial_shops, nicolae_shop_statue_plus, grunt_ogre_cave
D:10:     erik_orc_2, corexii_corridor_pit
D:11:     grunt_lair_entry_elf_guard_hut, spider_trap, uniq_erica, uniq_maurice,
          uniq_erolcha
D:13:     serial_shops, nicolae_shop_overgrown_old_shop,
          minmay_misc_feat_encased, grunt_ministairs_3,
          fake_guardian_serpent_vault
D:14:     david_vaults_2, kennysheep_boxes, uniq_louise
D:15:     gammafunk_depths_entry_grave, lab_entry_generic, roderic_filled_cross,
          uniq_urug
Temple:   jpeg_temple_clearing_12
Lair:1:   lemuel_fruit_tree, infiniplex_staircase_pool
Lair:2:   serial_bayou_pond_e, uniq_harold
Lair:3:   elwin_shoals_entry_rooms, minmay_snake_entry_guardpost_small,
          portal_ice_cave_entry_pillars_03, wad_woods_04
Lair:4:   grunt_megastairs_2
Lair:5:   kennysheep_rathole, special_room
Lair:6:   uniq_rupert
Lair:8:   evilmike_catoblepas_cave, slime_altar_2, st_stairs_9
Shoals:2: nicolae_shoals_square_sea_wall
Shoals:3: serial_shops, shop_statue, nicolae_shop_waterfront, shop, shop_statue
Shoals:4: shoals_end_simple, shoals_ilsuiw_alternative
Snake:3:  serial_bayou_ford_a, grunt_megastairs_3, basic_stair_grate_trap,
          uniq_aizul
Snake:4:  grunt_snake_rune_pools, serial_shops, shop
Slime:1:  nicolae_slime_phagocytosis
Slime:3:  nicolae_slime_welcoming_committee
Slime:5:  nicolae_slime_ancient_tower_intersection
Orc:1:    serial_shops, nicolae_shop_waterfront, nicolae_shop_behind_doors,
          shop, shop, shop, nicolae_orc_pool_cavern
Orc:3:    nicolae_orc_accident_1, serial_shops, nicolae_shop_window_shopping
Orc:4:    pubby_orc_utopia, serial_shops
Elf:1:    elf_arrival_001, lightli_enter_wizlab_magi_temple, minivault_28
Elf:3:    nooodl_elf_gasket, serial_shops, shop
Vaults:1: v_misc_5, grunt_vaults_hallway_long, hangedman_vaults_trim,
          v_alt_pattern_6, ontoclasm_vaults_ligature,
          nicolae_vaults_yaktaur_gun_rack, uniq_donald, uniq_wiglaf
Vaults:2: vaults_mumra_hex, minmay_crypt_entry_simple_statues, v_alt_pattern_2,
          vaults_dpeg_cross, ontoclasm_vaults_claustrophobia,
          kennysheep_vaults_gozag_temple, vaults_standard_mumra_lines,
          ontoclasm_vaults_decontamination, hangedman_vaults_impose,
          nicolae_vaults_little_squares_3, vaults_dpeg_encased_lava,
          serial_shops, nicolae_shop_behind_doors, uniq_frederick
Vaults:3: v_misc_25, hangedman_vaults_variations, v_misc_18, v_alt_pattern_2,
          v_pattern_3, nicolae_vaults_mini_display_case,
          nicolae_vaults_alarming, nicolae_vaults_little_squares_2,
          grunt_vaults_focal, nicolae_vaults_little_squares_5, v_alt_pattern_1,
          nicolae_vaults_rhombus_7, serial_shops, shop
Vaults:4: ontoclasm_vaults_eye, nicolae_vaults_little_squares_3,
          vaults_room_door_hall, v_misc_4, nicolae_vaults_little_squares_5,
          nicolae_vaults_murderbox, v_misc_15, ontoclasm_vaults_idyll,
          ontoclasm_vaults_fault, nicolae_vaults_little_squares_3,
          ontoclasm_vaults_gateway
Crypt:2:  uniq_khufu
Depths:1: pf_vacation_house_of_asmodeus, abyss_entry, minmay_protected_statue,
          serial_bayou_shore_b, roderic_lattice_octagonal_star, uniq_saint_roka,
          uniq_sojobo
Depths:2: nooodl_glass_maze, lightli_too_deep, kennysheep_flooded_box,
          nicolae_alphabet_shops, infiniplex_staircase_trident,
          basic_stair_grate_trap, uniq_mara
Depths:3: hangedman_box_tower, hell_entry, rand_demon_pan_entry_7, uniq_norris
Depths:4: kennysheep_cluttered_fort, enter_ziggurat_a, abyss_entry, pan_entry,
          hell_entry, lemuel_nasty_fountain
Depths:5: grunt_zot_entry_bicorn, hell_entry, marbit_kobold_abyss_entry,
          minmay_misc_feat_enclosed, serial_bayou_shore_a
Coc:7:    coc_hangedman
Zot:1:    nicolae_zot_stationary_front, zot_minivault_4
Zot:3:    lemuel_elevator
Abyss:2:  guppyfry_abyss_exit_imp_island
Lab:      lab_hedge, labyrinth_skeletal_remains, nicolae_lab_stuck,
          nicolae_lab_very_dead_end
IceCv:    ice_cave_statue_garden_01
WizLab:   wizlab_iskenderun

Action                   |  1- 3 |  4- 6 |  7- 9 | 10-12 | 13-15 | 16-18 | 19-21 | 22-24 | 25-27 || total
-------------------------+-------+-------+-------+-------+-------+-------+-------+-------+-------++-------
Melee: Long sword        |    98 |   271 |   639 |   885 |    23 |       |       |       |       ||  1916
       Short sword       |       |       |       |     9 |       |       |       |       |       ||     9
       Scimitar          |       |       |       |   363 |  2054 |  2485 |  2717 |   847 |       ||  8466
       Demon blade       |       |       |       |       |       |       |    56 |   670 |  2973 ||  3699
       Double sword      |       |       |       |       |       |       |    67 |   348 |  3451 ||  3866
       Great sword       |       |       |       |       |       |       |       |       |   222 ||   222
 Fire: Hunting sling     |       |    53 |   113 |   142 |     2 |   134 |       |       |       ||   444
Throw: Stone             |     2 |     3 |     7 |       |       |       |       |       |       ||    12
       Tomahawk          |       |       |     1 |    50 |    75 |    43 |    51 |   102 |   118 ||   440
       Javelin           |       |       |       |       |       |     6 |       |       |       ||     6
       Throwing net      |       |       |       |       |       |       |     1 |       |       ||     1
 Cast: Blink             |       |       |       |       |     1 |     5 |       |       |    16 ||    22
       Repel Missiles    |       |       |       |       |       |       |     4 |     5 |     5 ||    14
       Shroud of Golubri |       |       |       |       |       |       |       |     3 |     3 ||     6
       Passage of Golubr |       |       |       |       |       |       |       |       |    34 ||    34
       Swiftness         |       |       |       |       |       |       |       |       |     1 ||     1
Invok: Heroism           |       |       |     6 |    18 |     7 |    13 |     6 |     6 |    19 ||    75
       Finesse           |       |       |       |     2 |       |       |       |     2 |     2 ||     6
 Abil: Evoke Flight      |       |       |       |       |     1 |       |       |       |     4 ||     5
       Evoke Blink       |       |       |       |       |       |       |     8 |       |       ||     8
       Evoke Teleportati |       |       |       |       |       |       |       |       |    13 ||    13
Evoke: Wand              |       |       |       |     8 |       |     8 |     6 |       |     6 ||    28
       Deck              |       |       |       |       |       |       |       |       |     1 ||     1
       Box of beasts     |       |       |       |       |       |       |       |       |     1 ||     1
       Phantom mirror    |       |       |       |       |       |       |       |       |     1 ||     1
       Lamp of fire      |       |       |       |       |       |       |       |       |     1 ||     1
  Use: Scroll            |       |     7 |     4 |    19 |    15 |     6 |     3 |     6 |    27 ||    87
       Potion            |       |       |       |     2 |     3 |     3 |     2 |     3 |    23 ||    36
 Stab: Sleeping          |       |       |       |       |    10 |    30 |     9 |    20 |    12 ||    81
       Distracted        |       |       |       |       |     4 |     7 |     5 |     6 |    23 ||    45
       Invisible         |       |       |       |       |       |    18 |       |       |       ||    18
       Held in net/web   |       |       |       |       |       |       |       |       |     1 ||     1
  Eat: Chunk             |     2 |     9 |    18 |    31 |    75 |    61 |    32 |    38 |    60 ||   326
       Fruit             |       |       |       |     4 |     3 |     7 |       |       |    14 ||    28
       Royal jelly       |       |       |       |     1 |       |       |       |       |       ||     1
       Pizza             |       |       |       |       |       |     2 |     2 |     3 |     2 ||     9
       Bread ration      |       |       |       |       |       |     3 |     2 |       |    11 ||    16
       Meat ration       |       |       |       |       |       |     1 |     1 |       |     5 ||     7
       Beef jerky        |       |       |       |       |       |       |       |       |    10 ||    10
